 Dungeon Crawl Stone Soup version 0.22-a0-858-g985ef60 (webtiles) character file.

5647 Gildeon the Cleaver (level 10, -8/81 HPs)
             Began as a Minotaur Fighter on July 26, 2018.
             Was a High Priest of Okawaru.
             Mangled by a minotaur
             ... wielding a +1 long sword of holy wrath
              (17 damage)
             ... in a labyrinth on July 27, 2018.
             The game lasted 00:28:08 (6785 turns).

Gildeon the Cleaver (Minotaur Fighter)              Turns: 6785, Time: 00:28:10

Health: -8/81      AC: 18    Str: 32    XL:     10   Next: 46%
Magic:  12/12      EV: 15    Int:  5    God:    Okawaru [*****.]
Gold:   474        SH: 14    Dex: 19    Spells: 8/9 levels left

rFire    . . .     SeeInvis .   a - +4 war axe
rCold    . . .     Gourm    .   c - +0 shield
rNeg     . . .     Faith    .   t - +1 plate armour
rPois    .         Spirit   .   (helmet restricted)
rElec    .         Reflect  .   l - +0 cloak {MR+}
rCorr    .         Harm     .   I - +2 pair of gloves {Dex+3}
MR       +....                  j - +0 pair of boots of Puede {Str+4}
Stlth    ..........             n - amulet of regeneration
HPRegen  0.63/turn              y - ring of flight
MPRegen  0.13/turn              (no ring)

@: mighty, agile
A: retaliatory headbutt, horns 2
a: Heroism, Finesse, Renounce Religion, Evoke Flight


You were in a labyrinth.
You worshipped Okawaru.
Okawaru was extremely pleased with you.
You were hungry.

You visited 3 branches of the dungeon, and saw 10 of its levels.
You also visited: Labyrinth.

You collected 474 gold pieces.

Inventory:

Hand Weapons
 a - a +4 war axe (weapon)
 o - a +0 morningstar
 A - a +1 whip of flaming
 F - a +1 scimitar of flaming
 H - a cursed +1 hand axe of electrocution
Missiles
 g - 3 tomahawks (quivered)
 p - 2 throwing nets
Armour
 c - a +0 shield (worn)
 j - the +0 pair of boots of Puede (worn) {Str+4}
   (You found it on level 1 of the Lair of Beasts)

   It affects your strength (+4).
 l - a +0 cloak of magic resistance (worn)
 t - a +1 plate armour (worn)
 I - a +2 pair of gloves of dexterity (worn)
Jewellery
 b - an uncursed ring of ice
 n - an amulet of regeneration (around neck)
 y - a ring of flight (left hand)
 G - an uncursed amulet of the acrobat {unknown}
Wands
 h - a wand of digging (10)
 k - a wand of flame (9)
 s - a wand of random effects (20)
 w - a wand of polymorph (6)
Scrolls
 e - 5 scrolls of remove curse
 q - 2 scrolls of teleportation
 u - a scroll of blinking
Potions
 i - a potion of flight
 m - 4 potions of curing
 r - a potion of agility
 v - a potion of brilliance
 x - 2 potions of mutation {unknown}
 z - 2 potions of degeneration {unknown}
 B - 3 potions of lignification {unknown}
 C - a potion of cancellation {unknown}
 D - a potion of ambrosia {unknown}
Comestibles
 f - 14 rations


   Skills:
 - Level 5.0 Fighting
 * Level 12.7 Axes
 - Level 5.0 Armour
 - Level 5.1 Dodging
 + Level 9.8 Shields
 - Level 5.2 Invocations
 + Level 1.2 Evocations


You had 8 spell levels left.
You knew the following spells:

 Your Spells              Type           Power        Failure   Level  Hunger
a - Corona                Hex            #......      100%        1    ##.....

Your spell library contained the following spells:

 Spells                   Type           Power        Failure   Level  Hunger
 Confuse                  Hex            #.......     100%        3    ####...
 Tukima's Dance           Hex            #.......     100%        3    ####...
 Confusing Touch          Hex            #.....       100%        1    ##.....
 Ensorcelled Hibernation  Hex/Ice        #.....       100%        2    ###....
 Metabolic Englaciation   Hex/Ice        #.........   100%        5    ######.
 Petrify                  Tmut/Erth      #.......     100%        4    #####..
 Dazzling Spray           Conj/Hex       #.....       100%        3    ####...
 Gell's Gravitas          Tloc           #.........   100%        3    ####...
 Yara's Violent Unravell  Hex/Tmut       #.........   100%        5    ######.


Dungeon Overview and Level Annotations

Branches:
Dungeon (8/15)             Temple (1/1) D:4            Lair (1/6) D:8

Altars:
Ashenzari
Cheibriados
Dithmenos
Elyvilon
Fedhas
Gozag
Hepliaklqana
Kikubaaqudgha
Makhleb
Nemelex Xobeh
Okawaru
Qazlal
Ru
Sif Muna
Trog
Uskayaw
Vehumet
Wu Jian
Xom
Yredelemnul
Zin
The Shining One


Innate Abilities, Weirdness & Mutations

You reflexively headbutt those who attack you in melee.
You have a pair of horns on your head.


Message History

You are feeling hungry.
You slice the minotaur!!
You headbutt the minotaur, but do no damage.
The minotaur is severely wounded.
The minotaur hits you with a long sword of holy wrath!
You block the minotaur's attack.
You slice the minotaur!! You headbutt the minotaur.
The minotaur is almost dead.
The minotaur hits you with a long sword of holy wrath!!
* * * LOW HITPOINT WARNING * * *
The minotaur gores you but does no damage.
You hit the minotaur.
The minotaur is almost dead.
You block the minotaur's attack. x2
You barely miss the minotaur.
The minotaur furiously retaliates!
The minotaur headbutts you!
* * * LOW HITPOINT WARNING * * *
The minotaur is almost dead.
The minotaur hits you with a long sword of holy wrath!
You die...

# . .# ###
#.# # ......
#. ## ##.. ##
# # # . #....
. . . #.
.###### . . .
.#.....# .
#.# #.###.#
## .. . .#(#
#.# . #@# .#
.# .# ## . .#
#H# # #. . #
.#.#.. # # .
.#####. . . .
.#..#.......#
# # # . . ..
## ###. # .
## . . # # #
# . . . # # #


You could see a minotaur.

Vanquished Creatures
  Fannar (Lair:1)
  Erica (D:8)
  A spiny frog (Lair:1)
  A wyvern (D:8)
  A hungry ghost (D:7)
  2 soldier ants (D:8)
  A porcupine (D:8)
  An orc warrior (D:8)
  2 necrophages (D:7)
  2 black bears
  A phantom (D:4)
  2 ogres
  3 centaurs
  2 crocodiles (Lair:1)
  A big kobold (D:8)
  5 bullfrogs
  An elf zombie (D:8)
  3 scorpions
  A water moccasin skeleton (D:6)
  4 wights (D:8)
  6 crimson imps
  5 jellies
  2 orc priests (D:4)
  A bullfrog zombie (D:7)
  A hound (D:7)
  6 human zombies (D:8)
  Crazy Yiuf (D:2)
  Jessica (D:2)
  6 orc wizards
  Terence (D:2)
  4 worker ants
  2 iguanas
  A killer bee zombie (D:7)
  A hound skeleton (D:6)
  A mummy (D:8)
  Robin (D:2)
  A worker ant zombie (D:7)
  14 gnolls
  A howler monkey skeleton (D:6)
  10 adders
  8 oozes (D:2)
  An adder skeleton (D:7)
  2 worms
  3 dart slugs
  4 leopard geckos
  22 orcs
  A ball python (D:1)
  10 bats
  2 giant cockroaches
  8 hobgoblins
  4 jackals (D:2)
  15 kobolds
  4 quokkas
  4 frilled lizards
  14 goblins
  A jackal zombie (D:6)
  3 quokka skeletons
  A quokka zombie (D:5)
  7 rats
  2 fungi (D:2)
  A plant (D:8)
219 creatures vanquished.

Vanquished Creatures (others)
  6 toadstools (D:2)
6 creatures vanquished.

Grand Total: 225 creatures vanquished

Notes
Turn   | Place    | Note
-------+----------+-------------------------------------------
     0 | D:1      | Gildeon the Minotaur Fighter began the quest for the Orb.
     0 | D:1      | Reached XP level 1. HP: 19/19 MP: 0/0
   140 | D:1      | Reached XP level 2. HP: 27/27 MP: 1/1
   277 | D:1      | Reached skill level 3 in Axes
   497 | D:2      | Noticed Jessica
   500 | D:2      | Killed Jessica
   500 | D:2      | Reached skill level 1 in Dodging
   500 | D:2      | Reached XP level 3. HP: 32/33 MP: 2/2
   509 | D:2      | Reached XP level 4. HP: 26/40 MP: 3/3
   663 | D:2      | Reached skill level 4 in Axes
   942 | D:2      | Noticed Terence
   942 | D:2      | Noticed Robin
   977 | D:2      | Killed Robin
   977 | D:2      | Reached XP level 5. HP: 40/47 MP: 4/4
   993 | D:2      | Killed Terence
  1245 | D:2      | Reached XP level 6. HP: 38/53 MP: 5/5
  1247 | D:2      | Reached skill level 5 in Axes
  1479 | D:2      | Upgraded the game from 0.22-a0-848-ge9e22a0 to 0.22-a0-858-g985ef60
  1610 | D:2      | Found a runed door.
  1614 | D:2      | Noticed Crazy Yiuf
  1619 | D:2      | Killed Crazy Yiuf
  2172 | D:4      | Found a staircase to the Ecumenical Temple.
  2194 | Temple   | Entered the Ecumenical Temple
  2204 | Temple   | Became a worshipper of Warmaster Okawaru
  2312 | D:4      | Reached skill level 5 in Shields
  2315 | D:4      | Reached skill level 5 in Armour
  2471 | D:4      | Reached skill level 5 in Fighting
  2725 | D:4      | Reached XP level 7. HP: 61/61 MP: 6/6
  2828 | D:4      | Reached skill level 6 in Axes
  3099 | D:5      | Entered Level 5 of the Dungeon
  3102 | D:5      | Reached * piety under Okawaru
  3102 | D:5      | Reached skill level 7 in Axes
  3286 | D:5      | Reached XP level 8. HP: 55/68 MP: 7/7
  3843 | D:6      | You fall through a shaft for 2 floors!
  3863 | D:8      | Reached skill level 8 in Axes
  4214 | D:6      | Reached skill level 5 in Dodging
  4339 | D:6      | Reached ** piety under Okawaru
  4339 | D:6      | Reached skill level 9 in Axes
  4693 | D:7      | Reached skill level 1 in Invocations
  4811 | D:7      | Reached XP level 9. HP: 71/74 MP: 9/9
  4827 | D:7      | Reached skill level 10 in Axes
  5190 | D:8      | Noticed Erica
  5203 | D:8      | Reached *** piety under Okawaru
  5215 | D:8      | Killed Erica
  5215 | D:8      | Reached **** piety under Okawaru
  5215 | D:8      | Reached skill level 11 in Axes
  5229 | D:8      | Found a staircase to the Lair.
  5546 | D:8      | Reached XP level 10. HP: 81/81 MP: 12/12
  5639 | D:8      | Found a basalt altar of Yredelemnul.
  5696 | D:8      | Reached skill level 12 in Axes
  5827 | Lair:1   | Entered Level 1 of the Lair of Beasts
  5842 | Lair:1   | Noticed Fannar
  5861 | Lair:1   | Killed Fannar
  5861 | Lair:1   | Reached ***** piety under Okawaru
  5861 | Lair:1   | Reached skill level 5 in Invocations
  5869 | Lair:1   | Got a pair of dazzling boots
  5875 | Lair:1   | Identified the cursed +0 pair of boots of Puede {Str+4} (You found it on level 1 of the Lair of Beasts)
  5881 | Lair:1   | Noticed a spiny frog
  5886 | Lair:1   | Killed a spiny frog
  5909 | Lair:1   | Reached skill level 1 in Evocations
  5940 | Lair:1   | Learned a level 1 spell: Corona
  5941 | Lair:1   | Found a labyrinth entrance.
  5949 | Lair:1   | Received a gift from Okawaru
  5978 | Lab      | Entered a labyrinth
  6767 | Lab      | Noticed a minotaur
  6785 | Lab      | Mangled by a minotaur

Vault maps used:
D:1:      zaba_arrival_water
D:2:      cheibrodos_fertilizer, uniq_robin, uniq_jessica,
          uniq_crazy_yiuf_cottage, uniq_terence
D:3:      first_ration
D:4:      minmay_temple_entry_mist
D:8:      lemuel_mausoleum_altar_yredelemnul, grunt_lair_entry_orc_guard_hut,
          hangedman_pestilent_swarm, uniq_erica
Temple:   dpeg_three_leaves_temple
Lair:1:   lab_entry_generic, minmay_lair_oklob_bushes,
          grunt_forest_stairs_basic, grunt_megastairs_4, uniq_fannar
Lab:      labyrinth_spiral, nicolae_lab_plus

Skill      XL: |  1  2  3  4  5  6  7  8  9 10 |
---------------+-------------------------------+-----
Axes           | 3 4 5 7 9 11 12 | 12.7
Fighting       | 4 5 |  5.0
Armour         | 4 5 |  5.0
Dodging        | 1 2 4 5 |  5.1
Shields        | 4 5 6 7 9 |  9.8
Invocations    | 1 4 5 |  5.2
Evocations     | 1 |  1.2

Action                   |  1- 3 |  4- 6 |  7- 9 | 10-12 || total
-------------------------+-------+-------+-------+-------++-------
Melee: War axe           |    42 |   171 |   275 |   109 ||   597
       Headbutt          |     6 |    36 |    49 |    32 ||   123
Throw: Tomahawk          |       |       |    18 |       ||    18
       Throwing net      |       |       |     4 |       ||     4
Evoke: Wand              |       |       |       |     1 ||     1
  Use: Scroll            |       |     9 |     8 |     2 ||    19
       Potion            |       |     1 |       |     5 ||     6
 Stab: Held in net/web   |       |       |     1 |       ||     1
  Eat: Chunk             |       |     3 |     7 |       ||    10
       Ration            |       |     1 |     1 |     1 ||     3
Armor: Scale mail        |    27 |    28 |       |       ||    55
       Chain mail        |       |    80 |       |       ||    80
       Plate armour      |       |     6 |   126 |    20 ||   152
Dodge: Dodged            |    13 |    67 |    70 |    20 ||   170
Block: Shield            |    36 |   125 |   146 |    25 ||   332

Table legend:
 A = Spawn XP
 B = Non-spawn XP
 C = Spawn XP percentage of total XP
 D = Spawn monster count
 E = Non-spawn monster count
 F = Spawn count percentage of total count
 G = Total turns spent on level
                    A         B        C        D         E        F      G
               +---------+---------+-------+---------+---------+-------+---------
         Total |       0 |    8068 |   0.0 |       0 |     216 |   0.0 |  6785
               +---------+---------+-------+---------+---------+-------+---------
           D:1 |       0 |      36 |   0.0 |       0 |      19 |   0.0 |   497
           D:2 |       0 |     426 |   0.0 |       0 |      57 |   0.0 |  1295
           D:3 |       0 |     159 |   0.0 |       0 |      16 |   0.0 |   453
           D:4 |       0 |     460 |   0.0 |       0 |      26 |   0.0 |   747
           D:5 |       0 |     487 |   0.0 |       0 |      14 |   0.0 |   640
           D:6 |       0 |     657 |   0.0 |       0 |      14 |   0.0 |   803
           D:7 |       0 |     972 |   0.0 |       0 |      28 |   0.0 |   467
           D:8 |       0 |    3073 |   0.0 |       0 |      36 |   0.0 |   818
        Lair:1 |       0 |    1798 |   0.0 |       0 |       6 |   0.0 |   151
               +---------+---------+-------+---------+---------+-------+---------
